 Dungeon Crawl Stone Soup version 0.30-a0-34-gbe8da3892a (webtiles) character file.

Game seed: 16455188448184532853

189 ytrimaz the Insei (level 5, -1/49 HPs)
             Began as an Octopode Transmuter on Aug 28, 2022.
             Was an Initiate of Ashenzari.
             Killed by divine providence
             ... invoked by an orc priest
              (11 damage)
             ... on level 4 of the Dungeon.
             The game lasted 00:04:18 (4087 turns).

ytrimaz the Insei (Octopode Transmuter)             Turns: 4087, Time: 00:04:19

Health: -1/49      AC: 22    Str:  9    XL:     5   Next: 68%
Magic:  6/9        EV:  2    Int: 18    God:    Ashenzari [......]
Gold:   31         SH:  0    Dex: 12    Spells: 0/10 levels left

rFire   . . .      SeeInvis .      - Unarmed
rCold   . . .      Faith    .    (no shield)
rNeg    . . .      Spirit   .    (helmet currently unavailable)
rPois   +          Reflect  .    h - amulet of the acrobat
rElec   .          Harm     .    e - ring of flight
rCorr   .          Rampage  .    (no ring)
Will    .....      NoTele   +    (no ring)
Stlth   +.........               (no ring)
HPRegen 0.16/turn                (no ring)
MPRegen 0.11/turn                (no ring)
                                 (no ring)
                                 (no ring)

@: tree-form
A: stationary, stasis, torment immunity, boosted hp, almost no armour,
(amphibious), 8 rings, (camouflage 1), (gelatinous body 1), (nimble swimmer 1),
(tentacles)
a: Renounce Religion


You were on level 4 of the Dungeon.
You worshipped Ashenzari.
Ashenzari was noncommittal.
You were a tree.
You visited 2 branches of the dungeon, and saw 5 of its levels.

You collected 186 gold pieces.
You spent 155 gold pieces at shops.

Inventory:

Jewellery
 e - a ring of flight (left branch)
 h - an amulet of the acrobat (around neck)
 i - a ring of ice
Wands
 l - a wand of polymorph (8)
Scrolls
 f - a scroll of acquirement
 j - a scroll of silence
 k - a scroll of butterflies
 n - a scroll of summoning
Potions
 b - a potion of curing
 c - a potion of magic
 d - a potion of might
 g - a potion of heal wounds {unknown}


   Skills:
 - Level 1.0 Fighting
 - Level 2.0 Dodging
 - Level 4.1 Unarmed Combat
 + Level 3.0 Spellcasting
 + Level 3.2 Transmutations
 + Level 0.4 Ice Magic
 * Level 2.6 Poison Magic


You couldn't memorise any spells.
You knew the following spells:

 Your Spells              Type           Power      Damage    Failure   Level
a - Beastly Appendage     Tmut           28%        N/A       4%          1
b - Wereblood             Tmut           14%        N/A       6%          2
c - Spider Form           Tmut/Pois      13%        N/A       14%         3
d - Ice Form              Ice/Tmut       9%         N/A       58%         4

Your spell library contained the following spells:

 Spells                   Type           Power      Damage    Failure   Level


Dungeon Overview and Level Annotations

Branches:
Dungeon (4/15)             Temple (1/1) D:4

Altars:
Ashenzari
Cheibriados
Dithmenos
Elyvilon
Fedhas
Gozag
Kikubaaqudgha
Makhleb
Nemelex Xobeh
Okawaru
Qazlal
Ru
Sif Muna
Uskayaw
Vehumet
Wu Jian
Xom
Yredelemnul
Zin
The Shining One

Shops:
D:3 ?


Innate Abilities, Weirdness & Mutations

You are a tree.
Your roots penetrate the ground, keeping you stationary.
You cannot be teleported.
You are immune to unholy pain and torment.
Your maximum health is greatly increased.
You cannot wear most types of armour.
((You are amphibious.))
You can wear up to eight rings at the same time.
((Your skin changes colour to match your surroundings (Stealth+).))
((Your rubbery body absorbs attacks. (AC +1, EV +1)))
((You are camouflaged when in or above water. (Stealth+)))
((You have tentacles for arms and can constrict up to eight enemies at once.))


Message History

An orc comes into view. It is wielding a +0 dagger.
An orc comes into view. It is wielding a +0 short sword.
Your transformation is almost over.
The orc shouts! x2
An orc comes into view. It is wielding a +0 whip.
The orc shouts!
An orc priest comes into view. It is wielding a +0 mace.
The orc shouts!
The orc priest shouts!
The orc priest moves out of view.
Casting: Beastly Appendage (safe; 4% risk of failure)
Confirm with . or Enter, or press ? or * to list all spells.
The spell is quite dangerous to miscast (14% risk of failure)!
Continue anyway?
Your tentacle spike disappears.
You turn into a venomous arachnid creature.
The orc closely misses you. The orc completely misses you.
Unknown command.
Casting: Spider Form (quite dangerous; 32% risk of failure)
Confirm with . or Enter, or press ? or * to list all spells.
You don't know that spell.
The orc completely misses you.
There is a staircase to the Ecumenical Temple here.
Unknown command.
The orc attacks as you move away! The orc completely misses you.
The orc closely misses you.
The orc throws a boomerang.
The boomerang hits you.
You hit the orc.
The orc is almost dead.
You hit the orc but do no damage.
The orc is poisoned.
The orc priest invokes the aid of Beogh against you.
Beogh smites you! The orc hits you with a +0 flail.
* * * LOW HITPOINT WARNING * * *
You are too injured to fight recklessly!
Unknown command.
You are too injured to fight recklessly!
Really quaff the potion of lignification?
Your transformation has ended.
You turn into a tree.
Your roots penetrate the ground.
The orc hits you but does no damage.
The orc priest calls down the wrath of Beogh upon you.
Beogh smites you!
You die...

........#.## ##.#
#.........##...
#.......#....####
#...............# ...
#......#.#..# ...#
#####......o....#####....
###.........#o8.#...#......
##..^#.....#...o...#........
.......#.#...8.o♣8...#......
...#####...#...o...#........
..######.#...#.8.#..........
..###<.....#................
.###....>.....#.#.##........
...........##....$..........
.############..#..#.##......
.# #........# #..... ##
#.......## #####


You could see an orc priest and 4 orcs.

Vanquished Creatures
  An orc priest (D:3)
  Natasha (thrice) (D:2)
  An adder (D:2)
  A worm (D:3)
  2 dart slugs
  3 orcs (D:3)
  9 endoplasms
  5 giant cockroaches
  4 hobgoblins
  3 jackals (D:3)
  5 kobolds
  A quokka (D:2)
  3 ball pythons
  5 bats
  A frilled lizard (D:2)
  10 goblins
  2 rats (D:2)
59 creatures vanquished.

Notes
Turn   | Place    | Note
-------+----------+-------------------------------------------
     0 | D:1      | ytrimaz the Octopode Transmuter began the quest for the
                  | Orb.
     0 | D:1      | Reached XP level 1. HP: 13/13 MP: 3/3
   480 | D:1      | Reached XP level 2. HP: 15/18 MP: 3/5
  1581 | D:1      | Learned a level 2 spell: Wereblood
  1586 | D:2      | Reached XP level 3. HP: 23/23 MP: 4/6
  1590 | D:2      | Learned a level 3 spell: Spider Form
  2112 | D:2      | Noticed Natasha
  2117 | D:2      | Killed Natasha
  2118 | D:2      | Reached skill level 4 in Unarmed Combat
  2118 | D:2      | Reached XP level 4. HP: 28/28 MP: 2/7
  2217 | D:2      | Found a faded altar of an unknown god.
  2412 | D:2      | Noticed Natasha
  2421 | D:2      | Killed Natasha
  2422 | D:2      | Reached skill level 1 in Poison Magic
  2425 | D:2      | Noticed Natasha
  2437 | D:2      | Killed Natasha
  2438 | D:2      | Reached XP level 5. HP: 27/33 MP: 6/9
  2787 | D:3      | Learned a level 4 spell: Ice Form
  3167 | D:3      | Identified a scroll of acquirement
  3313 | D:3      | Found Pysath's Magic Scroll Boutique.
  3320 | D:3      | Bought a scroll of identify for 20 gold pieces
  3320 | D:3      | Bought a scroll of identify for 20 gold pieces
  3320 | D:3      | Bought a scroll of identify for 20 gold pieces
  3320 | D:3      | Bought a scroll of summoning for 95 gold pieces
  3648 | D:3      | Found a snail-covered altar of Cheibriados.
  3653 | D:3      | Found an opulent altar of Gozag.
  3653 | D:3      | Found a white marble altar of Elyvilon.
  3666 | D:3      | Found a burning altar of Makhleb.
  3669 | D:3      | Found a glowing silver altar of Zin.
  3814 | D:4      | Found a staircase to the Ecumenical Temple.
  3830 | Temple   | Entered the Ecumenical Temple
  4019 | Temple   | Became a worshipper of Ashenzari the Shackled
  4087 | D:4      | Killed from afar by an orc priest

Illustrated notes

Levels and vault maps discovered:
D:1:      matt_arrival_diagonals, layout_basic
D:2:      layout_basic, dreamdust_ecumenical_altar_sealed_demon, minmay_vboxes,
          uniq_natasha
D:3:      layout_basic, minmay_overflow_temple_star_hex, serial_shops,
          nicolae_shop_advertising_works [nicolae_subvault_shop_adworks]
D:4:      layout_rooms, minmay_temple_entry_sparse_star,
          amcnicky_mini_pool_small
Temple:   bh_familiar_temple

Skill      XL: |  1  2  3  4  5 |
---------------+----------------+-----
Unarmed Combat | 4 |  4.1
Poison Magic   | 1 2 |  2.6
Transmutations | 3 |  3.2
Spellcasting   | 3 |  3.0
Fighting       | |  1.0
Dodging        | |  2.0
Ice Magic      | |  0.4

Action                   |  1- 3 |  4- 6 || total
-------------------------+-------+-------++-------
Melee: Unarmed           |    76 |    64 ||   140
       Kick              |    23 |     5 ||    28
       Constrict         |    17 |     6 ||    23
       Tentacles         |     9 |     3 ||    12
       Punch             |     1 |       ||     1
 Cast: Beastly Appendage |    25 |    13 ||    38
       Spider Form       |       |     4 ||     4
       Wereblood         |       |     1 ||     1
  Use: Scroll            |     3 |     7 ||    10
       Potion            |       |     1 ||     1
 Stab: Sleeping          |     5 |     3 ||     8
Armor: Skin              |     4 |    10 ||    14
Dodge: Dodged            |    47 |    42 ||    89

Table legend: (Time is in decaauts)
 A = Elapsed time spent in this place.
 B = Non-inter-level travel time spent in this place.
 C = Inter-level travel time spent in this place.
 D = Time resting spent in this place.
 E = Time spent auto-exploring this place.
 F = Levels seen in this place.
 G = Mean time per level.
                   A        B        C        D        E       F      G
               +--------+--------+--------+--------+--------+-----+--------+
         Total |   4076 |   3973 |    103 |      0 |   3455 |   5 |  815.2 |
       Dungeon |   3872 |   3812 |     60 |      0 |   3300 |   4 |  968.0 |
        Temple |    203 |    160 |     43 |      0 |    155 |   1 |  203.0 |
               +--------+--------+--------+--------+--------+-----+--------+

Top non-repeatable levels by time:
     D:1: 1579 daAuts
     D:3: 1189 daAuts
     D:2: 1015 daAuts
  Temple: 203 daAuts
     D:4: 88 daAuts
